 Dungeon Crawl Stone Soup version 0.27.0-1-g7a089689b8 (webtiles) character file.

Game seed: 12238546796811456072

156 GordonOverkill the Grave Robber (level 5, -3/25 HPs)
             Began as a Felid Necromancer on Aug 3, 2021.
             Killed by divine providence
             ... invoked by an orc priest
              (8 damage)
             ... on level 4 of the Dungeon.
             The game lasted 00:12:28 (6893 turns).

GordonOverkill the Grave Robber (Felid Necromancer) Turns: 6893, Time: 00:12:29

Health: -3/25      AC:  2    Str:  4    XL:     5   Next: 15%
Magic:  12/12      EV: 17    Int: 18    God:
Gold:   157        SH:  0    Dex: 17    Spells: 3/12 levels left
                                        Lives:  0   Deaths: 2

rFire    . . .     SeeInvis +   (weapon unavailable)
rCold    . . .     Faith    .   (shield unavailable)
rNeg     . . .     Spirit   .   (armour unavailable)
rPois    .         Reflect  .   (helmet unavailable)
rElec    .         Harm     .   (cloak unavailable)
rCorr    .         Rampage  .   (gloves unavailable)
Will     .....                  (boots unavailable)
Stlth    +++.......             (no amulet)
HPRegen  0.08/turn              (no ring)
MPRegen  0.13/turn              (no ring)

@: quick
A: very small, claws 1, fangs 3, see invisible, speed 1, shaggy fur 2, stealthy
paws, no weapons or thrown items, no armour, multi-lived
a: no special abilities


You were on level 4 of the Dungeon.
You visited 1 branch of the dungeon, and saw 4 of its levels.

You collected 157 gold pieces.

Inventory:

Jewellery
 d - a +6 ring of intelligence
Wands
 g - a wand of iceblast (1)
Scrolls
 b - a scroll of enchant weapon {unknown}
 e - a scroll of fear {unknown}
 f - a scroll of holy word {unknown}
 h - a scroll of teleportation {unknown}
Potions
 a - a potion of brilliance
 c - 2 potions of curing
 i - 2 potions of ambrosia {unknown}
 j - a potion of might {unknown}


   Skills:
 + Level 4.1 Fighting
 - Level 2.6 Dodging
 - Level 4.0 Stealth
 - Level 4.0 Spellcasting
 + Level 6.0 Necromancy


You had 3 spell levels left.
You knew the following spells:

 Your Spells              Type           Power      Damage    Failure   Level
a - Pain                  Necr           100%       1d9       1%          1
b - Vampiric Draining     Necr           12%        2d7       3%          3
c - Agony                 Necr           25%        N/A       34%         5

Your spell library contained the following spells:

 Spells                   Type           Power      Damage    Failure   Level
 Animate Skeleton         Necr           50%        N/A       1%          1
 Animate Dead             Necr           12%        N/A       12%         4


Dungeon Overview and Level Annotations

Branches:
Dungeon (4/15)
 Temple: D:4-7

Altars:

Annotations:
D:3 Ijyb, Sigmund
D:4 exclusion: skeleton, Eustachio, Menkaure


Innate Abilities, Weirdness & Mutations

You have sharp claws.
You have razor-sharp teeth.
You have supernaturally acute eyesight. (SInv)
You cover ground quickly. (Speed+)
You are covered in thick fur. (AC +2)
Your paws help you pounce on unaware monsters.
You are incapable of wielding weapons or throwing items.
You cannot wear armour.
You gain extra lives every three experience levels.


Message History

The orc priest begins to cast a cantrip, but forgets the words!
You closely miss the orc priest.
The orc priest is severely wounded.
The orc priest closely misses you.
The orc priest calls upon Beogh to heal the orc priest.
You scratch the orc priest but do no damage.
The orc priest is severely wounded.
The orc priest calls down the wrath of Beogh upon you.
Beogh smites you!
* * * LOW HITPOINT WARNING * * *
You scratch the orc priest but do no damage.
The orc priest is severely wounded.
The orc priest looks braver for a moment.
The orc priest miscasts a cantrip.
You scratch the orc priest.
You bite the orc priest, but do no damage.
The orc priest is almost dead.
The orc priest closely misses you.
You scratch the orc priest but do no damage.
The orc priest is almost dead.
The orc priest closely misses you.
The orc priest calls upon Beogh to heal the orc priest.
The orc priest is healed somewhat.
The orc priest miscasts a cantrip.
You scratch the orc priest.
The orc priest is almost dead.
The orc priest misses you.
You scratch the orc priest but do no damage.
The orc priest is almost dead.
The orc priest hits you with a +0 short sword.
* * * LOW HITPOINT WARNING * * *
You closely miss the orc priest.
You bite the orc priest, but do no damage.
The orc priest is almost dead.
The orc priest begins to cast a cantrip, but forgets the words!
You completely miss the orc priest.
The orc priest is almost dead.
The orc priest mumbles some strange prayers to Beogh against you.
Beogh smites you!
You die...

.o..o# # #.#########
.#.## #.#
#..........
###....###.###
###########
.$..#.......
##.####...#...#.# #
........#####..o## #
.##.###...#...#oo..#
# ###.#.###o####
#o..# #@# # ##)##
#.# # #.# #># # #.#
##.## # #.###...####
# #...†......# #
#####...##.# #
#....###.# # #.####
#.# #


You could see 3 orc priests and an orc wizard (invisible).

Vanquished Creatures
  Grinder (D:4)
  Edmund (D:4)
  An ice beast (D:3)
  Natasha (twice) (D:3)
  A howler monkey zombie (D:4)
  6 adders
  3 worms
  2 dart slugs
  6 orcs
  5 ball pythons
  4 bats
  8 endoplasms
  A giant cockroach (D:4)
  9 goblins
  4 hobgoblins
  8 jackals
  A quokka (D:2)
  3 frilled lizards
  6 kobolds
  2 rats
74 creatures vanquished.

Notes
Turn   | Place    | Note
-------+----------+-------------------------------------------
     0 | D:1      | GordonOverkill the Felid Necromancer began the quest for
                  | the Orb.
     0 | D:1      | Reached XP level 1. HP: 7/7 MP: 4/4
   125 | D:1      | Found a faded altar of an unknown god.
   624 | D:1      | Reached XP level 2. HP: 6/12 MP: 0/6
  1575 | D:1      | Reached skill level 1 in Fighting
  2157 | D:2      | Reached XP level 3. HP: 11/15 MP: 3/7
  2262 | D:2      | Learned a level 3 spell: Vampiric Draining
  3567 | D:2      | You fall into a shaft and drop 1 floor!
  3660 | D:3      | Reached XP level 4. HP: 6/19 MP: 2/8
  4123 | D:3      | Noticed an ice beast
  4443 | D:3      | Killed an ice beast
  4444 | D:3      | Reached XP level 5. HP: 14/23 MP: 0/10
  4792 | D:2      | Reached skill level 5 in Necromancy
  4903 | D:2      | Learned a level 5 spell: Agony
  5287 | D:3      | Noticed Natasha
  5293 | D:3      | Killed Natasha
  5381 | D:3      | Noticed Natasha
  5387 | D:3      | Killed Natasha
  5461 | D:3      | Noticed Sigmund
  5561 | D:3      | Gained mutation: You are covered in thick fur. (AC +2)
                  | [Felid growth]
  5561 | D:3      | Reached XP level 6. HP: 23/27 MP: 8/12
  6002 | D:3      | Noticed Ijyb
  6081 | D:4      | Noticed Eustachio
  6179 | D:4      | Noticed Edmund
  6487 | D:4      | Killed Edmund
  6531 | D:4      | Noticed Grinder
  6547 | D:4      | Killed Grinder
  6548 | D:4      | Reached skill level 6 in Necromancy
  6548 | D:4      | Reached XP level 7. HP: 32/32 MP: 12/14
  6828 | D:4      | Killed from afar by an orc priest
  6829 | D:4      | Reached XP level 6. HP: 0/28 MP: 10/13
  6842 | D:4      | Noticed Menkaure
  6854 | D:4      | Slain by Menkaure
  6855 | D:4      | Reached XP level 5. HP: 0/25 MP: 12/12
  6893 | D:4      | Killed from afar by an orc priest

Illustrated notes

Levels and vault maps discovered:
D:1:      amcnicky_arrival_blooded_trapdoor, layout_basic,
          ebering_ecumenical_altar_sacrificial, minmay_misc_feat_iff
D:2:      minmay_spotlight, layout_basic, minmay_misc_feat_four_crosses
D:3:      layout_loops_cross, uniq_ijyb, uniq_natasha, uniq_sigmund
D:4:      layout_loops_ring, uniq_eustachio, uniq_menkaure, uniq_grinder,
          uniq_edmund, uniq_crazy_yiuf_cottage

Skill      XL: |  1  2  3  4  5  6 |
---------------+-------------------+-----
Stealth        | 3 4 |  4.0
Fighting       | 1 2 4 |  4.1
Spellcasting   | 3 4 |  4.0
Necromancy     | 5 6 |  6.0
Dodging        | |  2.6

Action                   |  1- 3 |  4- 6 |  7- 9 || total
-------------------------+-------+-------+-------++-------
Melee: Unarmed           |       |    25 |    11 ||    36
       Bite              |       |     4 |     3 ||     7
 Cast: Pain              |   105 |    81 |    15 ||   201
       Vampiric Draining |     1 |     1 |       ||     2
Evoke: Wand              |       |     5 |       ||     5
  Use: Potion            |       |       |     2 ||     2
 Stab: Sleeping          |       |     1 |     1 ||     2
Armor: Skin              |     3 |       |     2 ||     5
Dodge: Dodged            |    20 |    20 |     9 ||    49
